 Dungeon Crawl Stone Soup version 0.29.1-2-gbd0b4ee654 (webtiles) character file.

Game seed: 13500691202156700004

255 Tiocfaidh the Magician (level 6, -5/42 HPs)
             Began as a Djinni Air Elementalist on Nov 24, 2022.
             Killed by divine providence
             ... invoked by an orc priest
              (15 damage)
             ... on level 3 of the Dungeon.
             The game lasted 00:19:14 (3875 turns).

Tiocfaidh the Magician (Djinni Air Elementalist)    Turns: 3875, Time: 00:19:14

Health: -5/42      AC:  5    Str: 15    XL:     6   Next: 38%
Gold:   167        EV: 13    Int: 16    God:
                   SH:  0    Dex: 14

rFire   + + .      SeeInvis .   c - +0 short sword
rCold   x . .      Faith    .   (no shield)
rNeg    . . .      Spirit   .   a - +0 robe
rPois   ∞          Reflect  .   (no helmet)
rElec   .          Harm     .   (no cloak)
rCorr   .          Rampage  .   d - +2 pair of gloves
Will    .....                   (boots unavailable)
Stlth   ++........              (no amulet)
HPRegen 0.14/turn               s - +6 ring of strength
MPRegen 0.00/turn               (no ring)

@: flying
A: sickness immunity, fire resistance 2, cold vulnerability 1, float, innate
caster, HP casting, extra vitality 1
a: no special abilities


You were on level 3 of the Dungeon.
You visited 1 branch of the dungeon, and saw 5 of its levels.

You collected 211 gold pieces.
You spent 44 gold pieces at shops.

Inventory:

Hand Weapons
 c - a +0 short sword (weapon)
Armour
 a - a +0 robe (worn)
 d - a +2 pair of gloves (worn)
Jewellery
 s - a +6 ring of strength (left hand)
Scrolls
 b - a scroll of brand weapon {unknown}
 g - 3 scrolls of identify
 i - a scroll of silence {unknown}
 m - a scroll of teleportation {unknown}
 o - 2 scrolls of enchant weapon {unknown}
 q - a scroll of amnesia {unknown}
 r - a scroll of enchant armour {unknown}
Potions
 e - 2 potions of berserk rage {unknown}
 f - a potion of mutation {unknown}
 h - 3 potions of curing {unknown}
 j - a potion of flight {unknown}
 k - 2 potions of degeneration {unknown}
 l - 2 potions of might {unknown}
 n - 2 potions of brilliance {unknown}
 p - 3 potions of heal wounds {unknown}


   Skills:
 + Level 1.4 Fighting
 + Level 1.7 Short Blades
 + Level 2.9 Dodging
 + Level 2.1 Stealth
 - Level 1.0 Shields
 + Level 4.1 Spellcasting


You couldn't memorise any spells.
You knew the following spells:

 Your Spells              Type           Power      Damage    Failure   Level
a - Shock                 Conj/Air       64%        1d7       3%          1
b - Static Discharge      Conj/Air       16%        3-5/arc   4%          2
c - Swiftness             Air            16%        N/A       9%          3
d - Airstrike             Air            8%         2d(2-18)  30%         4
e - Necrotise             Necr           64%        1d7       3%          1
f - Blink                 Tloc           32%        N/A       4%          2
Your spell library was empty.

Dungeon Overview and Level Annotations

Branches:
Dungeon (5/15)
 Temple: D:4-7

Altars:
Wu Jian
Xom
Yredelemnul

Shops:
D:2 ?   D:5 *

Annotations:
D:3 2 transporters, safid's ghost, weakling MiHu


Innate Abilities, Weirdness & Mutations

You are immune to sickness and miasma.
You are immune to poison.
Your flesh is very heat resistant. (rF++)
You are vulnerable to cold. (rC-)
You float through the air rather than walking.
You learn spells naturally, not from books.
Your magical power is your life essence.
You have superior vitality. (+4 MHP)


Message History

Aiming: Shock (safe; 3% risk of failure)
Press: ? - help, Q - select action, (/) - cycle Shift-Dir - straight line The zap hits the orc wizard.
The orc wizard is almost dead.
The zap hits the orc wizard.
You kill the orc wizard!
Aiming: Shock (safe; 3% risk of failure)
Press: ? - help, Q - select action, (/) - cycle Shift-Dir - straight line, f - orc priest
Aim: an orc priest, wielding a +0 whip and wearing a +0 leather armour (71% to hit)
The zap misses the orc priest.
The zap misses the orc.
Aiming: Shock (safe; 3% risk of failure)
Press: ? - help, Q - select action, (/) - cycle Shift-Dir - straight line, f/p - orc priest
Aim: an orc priest, wielding a +0 whip and wearing a +0 leather armour (71% to hit)
The zap hits the orc priest.
The orc priest is heavily wounded.
The zap misses the orc priest.
Aiming: Shock (safe; 3% risk of failure)
Press: ? - help, Q - select action, (/) - cycle Shift-Dir - straight line, f/p - orc priest
Aim: an orc priest, wielding a +0 whip and wearing a +0 leather armour (heavily wounded, 71% to hit)
The zap misses the orc priest. x2
Unknown command.
Aiming: Shock (safe; 3% risk of failure)
Press: ? - help, Q - select action, (/) - cycle Shift-Dir - straight line, f/p - orc priest
Aim: an orc priest, wielding a +0 whip and wearing a +0 leather armour (heavily wounded, 71% to hit)
The zap hits the orc priest.
The orc priest is almost dead.
The zap misses the orc. x2
The orc priest invokes the aid of Beogh against you.
Beogh smites you!
* * * LOW HITPOINT WARNING * * *
Aiming: Shock (safe; 3% risk of failure)
Press: ? - help, Q - select action, (/) - cycle Shift-Dir - straight line, f/p - orc priest
Aim: an orc priest, wielding a +0 whip and wearing a +0 leather armour (almost dead, 71% to hit)
The zap misses the orc priest.
* * * LOW HITPOINT WARNING * * *
The orc priest attacks as you move away!
The orc priest barely misses you.
The orc priest invokes the aid of Beogh against you.
Beogh smites you!
You die...

### #########
#.###.#####.......#
#)).o.@.....#####.#
.)..#.o...##### #.#
# ##...## #.# ##.##
#.# #.# #.# #.# #.#
##+## #####.#####
#. ##...##
#.........# #.##
##.....##
#.###...#.#


You could see an orc priest and an orc.

Vanquished Creatures
  A black bear (D:5)
  An orc priest (D:3)
  A hound (D:5)
  An orc wizard (D:3)
  3 adders
  A worm (D:2)
  2 dart slugs
  2 orcs (D:3)
  7 bats
  2 endoplasms
  3 goblins (D:1)
  4 hobgoblins
  4 jackals
  6 kobolds
  2 quokkas
  6 ball pythons
  A frilled lizard (D:2)
  2 rats (D:2)
49 creatures vanquished.

Notes
Turn   | Place    | Note
-------+----------+-------------------------------------------
     0 | D:1      | Tiocfaidh the Djinni Air Elementalist began the quest for
                  | the Orb.
     0 | D:1      | Tiocfaidh set off with the following spells memorised:
                  | Shock, Static Discharge, Swiftness, Airstrike.
     0 | D:1      | Reached XP level 1. HP: 15/15 MP: 0/0
   491 | D:1      | Reached XP level 2. HP: 16/21 MP: 0/0
  1249 | D:1      | Reached skill level 3 in Spellcasting
  1350 | D:1      | Found a faded altar of an unknown god.
  1521 | D:2      | Reached XP level 3. HP: 25/25 MP: 0/0
  1521 | D:2      | Learned a level 1 spell: Necrotise
  1603 | D:2      | Found Lousk's Magic Scroll Shoppe.
  1611 | D:2      | Bought a scroll of identify for 22 gold pieces
  1611 | D:2      | Bought a scroll of identify for 22 gold pieces
  2254 | D:2      | Reached XP level 4. HP: 16/31 MP: 0/0
  2572 | D:3      | Found a shimmering altar of Xom.
  2681 | D:3      | You are sucked into a shaft and drop 2 floors!
  2681 | D:5      | Entered Level 5 of the Dungeon
  2764 | D:5      | Reached skill level 1 in Fighting
  2764 | D:5      | Reached skill level 1 in Short Blades
  2764 | D:5      | Reached skill level 1 in Shields
  3004 | D:5      | Found an ornate altar of the Wu Jian Council.
  3215 | D:5      | Noticed a black bear
  3227 | D:5      | Killed a black bear
  3228 | D:5      | Reached XP level 5. HP: 16/37 MP: 0/0
  3228 | D:5      | Learned a level 2 spell: Blink
  3409 | D:5      | Found a basalt altar of Yredelemnul.
  3411 | D:5      | Found Ymnay's Lightly-Used Armoury.
  3414 | D:5      | Reached XP level 6. HP: 40/42 MP: 0/0
  3576 | D:3      | Found a transporter.
  3581 | D:3      | Noticed safid's ghost (weakling MiHu)
  3584 | D:3      | Found a transporter.
  3869 | D:3      | Reached skill level 4 in Spellcasting
  3875 | D:3      | Killed from afar by an orc priest

Illustrated notes

Levels and vault maps discovered:
D:1:      dpeg_arrival_renting, layout_basic,
          shapermc_ecumenical_altar_flowoftime, chequers_mini_garden
D:2:      layout_basic, serial_shops, nicolae_shop_trees
D:3:      layout_loops_corners, lemuel_crystal_altar, gammafunk_ghost_arena
D:4:      layout_basic, mainiacjoe_overflow_big_doors,
          lemuel_coloured_pillars_altar, temple_fountains, grunt_decor_fettered,
          uniq_natasha, uniq_duvessa
D:5:      layout_basic, mainiacjoe_overflow_small_starburst,
          mainiacjoe_overflow_boulevard, serial_shops, shop, serial_bayou,
          serial_bayou_pond_d, serial_bayou_crossing, serial_bayou_shore_a,
          serial_bayou_pond_e, minmay_shop_damaged,
          minmay_misc_feat_four_crosses

Skill      XL: |  1  2  3  4  5  6 |
---------------+-------------------+-----
Spellcasting   | 3 4 |  4.1
Fighting       | 1 |  1.4
Short Blades   | 1 |  1.7
Shields        | 1 |  1.0
Stealth        | 2 |  2.1
Dodging        | |  2.9

Action                   |  1- 3 |  4- 6 || total
-------------------------+-------+-------++-------
Melee: Short sword       |    74 |     1 ||    75
       Unarmed           |     2 |       ||     2
 Cast: Shock             |    40 |    63 ||   103
 Stab: Sleeping          |     1 |       ||     1
Armor: Robe              |    24 |     6 ||    30
Dodge: Dodged            |    34 |    21 ||    55
Block: Tower shield      |    47 |       ||    47
